 Dungeon Crawl Stone Soup version 0.25-a0-890-g62861fb (webtiles) character file.

Game seed: 3446549333435508346, levelgen mode: deterministic

838 Faca the Skirmisher (level 8, -3/65 HPs)
             Began as a Human Fighter on May 11, 2020.
             Slain by a hornet (9 damage)
             ... on level 6 of the Dungeon.
             The game lasted 00:08:42 (5739 turns).

Faca the Skirmisher (Human Fighter)                 Turns: 5739, Time: 00:08:43

Health: -3/65      AC: 10    Str: 24    XL:     8   Next: 19%
Magic:  8/8        EV:  5    Int:  9    God:
Gold:   279        SH:  9    Dex: 12    Spells: 7/7 levels left

rFire    . . .     SeeInvis .   a - +1 long sword
rCold    . . .     Gourm    .   c - +0 kite shield
rNeg     . . .     Faith    .   j - +0 chain mail
rPois    .         Spirit   .   (no helmet)
rElec    .         Reflect  .   (no cloak)
rCorr    .         Harm     .   (no gloves)
MR       +....                  e - +0 pair of boots
Stlth    ..........             (no amulet)
HPRegen  0.20/turn              t - ring of protection from magic
MPRegen  0.11/turn              n - +5 ring of strength

@: lethally poisoned (-3 -> -14), hasted and slowed
A: no striking features
a: no special abilities


You were on level 6 of the Dungeon.
You were not hungry.

You visited 2 branches of the dungeon, and saw 7 of its levels.

You collected 279 gold pieces.

Inventory:

Hand Weapons
 a - a +1 long sword (weapon)
 l - a +1 short sword of protection
Armour
 c - a +0 kite shield (worn)
 e - a +0 pair of boots (worn)
 j - a +0 chain mail (worn)
Jewellery
 i - an uncursed ring of protection from cold
 n - a +5 ring of strength (right hand)
 t - a ring of protection from magic (left hand)
 u - an uncursed ring of protection from fire
Scrolls
 g - 2 scrolls of immolation
 p - 3 scrolls of remove curse
 q - 2 scrolls of teleportation
 r - 2 scrolls of fear
 x - a scroll of enchant armour {unknown}
Potions
 b - a potion of ambrosia
 d - a potion of brilliance {unknown}
 k - 2 potions of haste
 m - a potion of curing {unknown}
 o - 2 potions of resistance
 s - 2 potions of heal wounds {unknown}
 v - 3 potions of flight
 w - a potion of might
Comestibles
 f - 13 rations


   Skills:
 + Level 6.8 Fighting
 + Level 6.4 Long Blades
 - Level 3.0 Armour
 - Level 3.0 Shields


You had 7 spell levels left.
You didn't know any spells.
Your spell library was empty.

Dungeon Overview and Level Annotations

Branches:
Dungeon (6/15)             Temple (1/1) D:6

Altars:
Ashenzari
Cheibriados
Dithmenos
Elyvilon
Fedhas
Gozag
Hepliaklqana
Makhleb
Nemelex Xobeh
Qazlal
Ru
Sif Muna
Trog
Uskayaw
Vehumet
Yredelemnul
Zin
The Shining One


Message History

You feel sick. You block the hornet's attack. x2
You hit the hornet.
The hornet is lightly wounded.
You feel sick. You block the hornet's attack. x2
You hit the hornet.
The hornet is moderately wounded.
You feel sick. You block the hornet's attack. The hornet stings you.
* * * LOW HITPOINT WARNING * * *
You are lethally poisoned!
You feel as though you will be slow longer.
You hit the hornet.
The hornet is heavily wounded.
* * * LOW HITPOINT WARNING * * *
You feel sick.
The hornet stings you but does no damage.
You miss the hornet.
The hornet is heavily wounded.
* * * LOW HITPOINT WARNING * * *
You feel sick. You block the hornet's attack. The hornet stings you!
You die...

#.####
.....>##########
#..........########
#.@#######.........
#.y?...# #..#######
#........#....#.#
.......#.##.#.#.#
.#......# #.....#
.........# ###.#.#
## #...#### #.#.#
...<. #.#.# ..#.#


You could see a hornet.

Vanquished Creatures
  A centaur (D:5)
  4 scorpions
  A crimson imp (D:5)
  2 bullfrog zombies
  2 hounds
  An orc priest (D:4)
  An iguana (D:4)
  An orc wizard (D:2)
  A worker ant (D:5)
  3 gnolls (D:4)
  13 adders
  A shadow imp (D:5)
  3 oozes
  An adder skeleton (D:4)
  2 worms
  A dart slug (D:4)
  4 leopard geckos
  14 orcs
  6 bats
  6 giant cockroaches
  8 goblins
  A hobgoblin (D:3)
  13 jackals
  2 quokkas (D:3)
  5 ball pythons
  5 frilled lizards
  11 kobolds
  A leopard gecko skeleton (D:4)
  A quokka zombie (D:6)
  6 rats
121 creatures vanquished.

Notes
Turn   | Place    | Note
-------+----------+-------------------------------------------
     0 | D:1      | Faca the Human Fighter began the quest for the Orb.
     0 | D:1      | Reached XP level 1. HP: 18/18 MP: 1/1
   307 | D:1      | Reached XP level 2. HP: 15/24 MP: 2/2
   996 | D:2      | Reached XP level 3. HP: 25/29 MP: 3/3
  1077 | D:2      | Found a shattered altar of Ashenzari.
  1147 | D:2      | Found a sacrificial altar of Ru.
  1150 | D:2      | Reached XP level 4. HP: 32/37 MP: 4/4
  1252 | D:2      | Found a radiant altar of Vehumet.
  1378 | D:2      | Reached XP level 5. HP: 42/42 MP: 5/5
  2261 | D:3      | Found a faded altar of an unknown god.
  2299 | D:3      | Reached XP level 6. HP: 43/50 MP: 6/6
  2858 | D:4      | Reached skill level 5 in Fighting
  3133 | D:4      | Reached skill level 5 in Long Blades
  3154 | D:3      | Reached XP level 7. HP: 18/56 MP: 7/7
  4559 | D:5      | Entered Level 5 of the Dungeon
  4790 | D:5      | Reached XP level 8. HP: 65/65 MP: 8/8
  4825 | D:5      | Found a glowing silver altar of Zin.
  5442 | D:6      | Found a staircase to the Ecumenical Temple.
  5457 | Temple   | Entered the Ecumenical Temple
  5729 | D:6      | Noticed a hornet
  5732 | D:6      | Paralysed by a hornet for 3 turns
  5739 | D:6      | Slain by a hornet

Levels and vault maps discovered:
D:1:      mrwooster_arrival_statue_3, layout_loops_corners
D:2:      layout_basic, lemuel_doored_altar,
          nicolae_ru_great_annihilating_truth, nicolae_ashenzari_panopticon
D:3:      layout_loops_corners, chequers_ecumenical_altar_simple_redux
D:4:      layout_loops_cross, minmay_cupped
D:5:      layout_cave_pods, kennysheep_mini_moat, first_ration
D:6:      layout_basic, lemuel_round_altar, lemuel_coloured_pillars_altar,
          minmay_temple_entry_statues_pillars
Temple:   eino_wide_crystal_templ

Skill      XL: |  1  2  3  4  5  6  7 |
---------------+----------------------+-----
Long Blades    | 3 4 5 6 |  6.4
Fighting       | 4 5 6 |  6.8
Armour         | |  3.0
Shields        | |  3.0

Action                   |  1- 3 |  4- 6 |  7- 9 || total
-------------------------+-------+-------+-------++-------
Melee: Long sword        |    81 |   244 |   188 ||   513
  Use: Scroll            |     4 |     4 |     4 ||    12
       Potion            |       |     3 |     3 ||     6
 Stab: Paralysed         |       |     1 |       ||     1
  Eat: Chunk             |     1 |     7 |     8 ||    16
Armor: Scale mail        |    18 |       |       ||    18
       Chain mail        |    33 |   135 |    91 ||   259
Dodge: Dodged            |    14 |    41 |    31 ||    86
Block: Kite shield       |    50 |   110 |   100 ||   260
       Rpst.: Long sword |     3 |    15 |     9 ||    27

Table legend:
 A = Non-vault XP
 B = Vault XP
 C = Vault XP percentage of total XP
 D = Non-vault monster count
 E = Vault monster count
 F = Vault count percentage of total count
                 A         B        C        D         E       F
            +---------+---------+-------+---------+---------+-------
      Total |    1141 |      57 |   4.8 |     116 |       5 |   4.1
            +---------+---------+-------+---------+---------+-------
        D:1 |      27 |       0 |   0.0 |      14 |       0 |   0.0
        D:2 |     108 |      52 |  32.5 |      26 |       4 |  13.3
        D:3 |     167 |       0 |   0.0 |      26 |       0 |   0.0
        D:4 |     507 |       5 |   1.0 |      28 |       1 |   3.4
        D:5 |     271 |       0 |   0.0 |      15 |       0 |   0.0
        D:6 |      61 |       0 |   0.0 |       7 |       0 |   0.0
            +---------+---------+-------+---------+---------+-------
